 Dungeon Crawl Stone Soup version 0.25-a0-294-gea9b1ad378 (webtiles) character file.

Game seed: 4975996284149839931, levelgen mode: deterministic

128 Redear the Skirmisher (level 4, -2/37 HPs)
             Began as a Mummy Monk on Dec 17, 2019.
             Slain by an orc
             ... wielding a +0 whip
              (4 damage)
             ... on level 3 of the Dungeon.
             The game lasted 00:03:05 (3518 turns).

Redear the Skirmisher (Mummy Monk)                  Turns: 3518, Time: 00:03:05

Health: -2/37      AC:  1    Str: 14    XL:     4   Next: 87%
Magic:  4/4        EV: 13    Int:  9    God:
Gold:   169        SH:  0    Dex: 15    Spells: 3/3 levels left

rFire    x . .     SeeInvis .     - Unarmed
rCold    + . .     Gourm    .   (no shield)
rNeg     + + +     Faith    .   (no armour)
rPois    ∞         Spirit   .   a - +0 helmet
rElec    .         Reflect  .   (no cloak)
rCorr    .         Harm     .   (no gloves)
MR       .....                  (no boots)
Stlth    ++........             (no amulet)
HPRegen  0.12/turn              (no ring)
MPRegen  0.09/turn              (no ring)

@: no status effects
A: no food or potions, fire vulnerability, cold resistance 1, negative energy
resistance 3, torment resistance, unbreathing
a: no special abilities


You were on level 3 of the Dungeon.
You were not hungry.

You visited 1 branch of the dungeon, and saw 3 of its levels.

You collected 169 gold pieces.

Inventory:

Armour
 a - a +0 helmet (worn)
 h - a +0 cloak
Jewellery
 g - an uncursed ring of resist corrosion
Scrolls
 b - 4 scrolls of identify {unknown}
 c - a scroll of enchant armour {unknown}
 d - a scroll of blinking {unknown}
 e - 2 scrolls of amnesia {unknown}
 f - a scroll of noise {unknown}
 i - a scroll of enchant weapon {unknown}


   Skills:
 + Level 4.0 Fighting
 + Level 3.3 Dodging
 - Level 1.5 Stealth
 + Level 3.3 Unarmed Combat


You had 3 spell levels left.
You didn't know any spells.
Your spell library was empty.

Dungeon Overview and Level Annotations

Branches:
Dungeon (3/15)

Altars:
Gozag
Xom


Innate Abilities, Weirdness & Mutations

You do not eat or drink.
Your flesh is vulnerable to fire.
You are immune to poison.
Your flesh is cold resistant. (rC+)
You are immune to negative energy. (rN+++)
You are immune to unholy pain and torment.
You can survive without breathing.


Message History

The orc is lightly wounded.
The orc hits you with a +0 whip. The orc hits you but does no damage.
You take 1 damage, and have 12/37 hp.
You are too injured to fight recklessly!
You are too injured to fight recklessly!
You are too injured to fight recklessly!
You are too injured to fight recklessly!
You are too injured to fight recklessly!
You barely miss the orc.
The orc is lightly wounded.
The orc hits you with a +0 whip.
* * * LOW HITPOINT WARNING * * *
The orc closely misses you.
You take 5 damage, and have 7/37 hp.
The orc hits you with a +0 whip.
* * * LOW HITPOINT WARNING * * *
You take 5 damage, and have 2/37 hp.
You see here a rat corpse.
The orc hits you with a +0 whip.
You die...

#.#
##.########
###.#
#.#.......#
..#.#
##.######.#
#.#.# #>#
#.#.# #># #
#.#.# #.# #
#.#.# #.#
#####.#.#
########.#
........#
#oo.o@...#
#####.###
#.######.# #.#
#.# #.# #.#
#o# #.#
#####.######.#
...
.............#
#.#
#####.#####..#
..# #.# #..#
## #.# #..#


You could see 3 orcs.

Vanquished Creatures
  An orc priest (D:3)
  Jessica (D:2)
  3 worms
  A dart slug (D:3)
  2 leopard geckos
  2 ball pythons
  3 giant cockroaches
  8 hobgoblins
  6 jackals
  9 bats
  2 frilled lizards (D:1)
  7 goblins
  8 kobolds
  8 rats
61 creatures vanquished.

Notes
Turn   | Place    | Note
-------+----------+-------------------------------------------
     0 | D:1      | Redear the Mummy Monk began the quest for the Orb.
     0 | D:1      | Reached XP level 1. HP: 18/18 MP: 1/1
   298 | D:1      | Reached XP level 2. HP: 21/24 MP: 2/2
   808 | D:1      | Reached XP level 3. HP: 20/29 MP: 3/3
  1153 | D:2      | Noticed Jessica
  1178 | D:2      | Killed Jessica
  1178 | D:2      | Reached skill level 3 in Dodging
  1178 | D:2      | Reached skill level 3 in Unarmed Combat
  1566 | D:2      | Found a faded altar of an unknown god.
  1935 | D:2      | Reached XP level 4. HP: 34/37 MP: 4/4
  2100 | D:2      | Found a shimmering altar of Xom.
  2101 | D:2      | Found a shimmering altar of Xom.
  2102 | D:2      | Found a shimmering altar of Xom.
  2102 | D:2      | Found a shimmering altar of Xom.
  2103 | D:2      | Found a shimmering altar of Xom.
  2921 | D:3      | HP: 2/37 [worm (10)]
  3375 | D:3      | Found an opulent altar of Gozag.
  3507 | D:3      | Reached skill level 4 in Fighting
  3515 | D:3      | HP: 2/37 [orc/+0 whip (5)]
  3518 | D:3      | Slain by an orc

Levels and vault maps discovered:
D:1:      lemuel_arrival_room, layout_basic
D:2:      minmay_evil_eye, layout_loops_ring,
          chequers_ecumenical_altar_simple_redux, xom_redecorated, uniq_jessica
D:3:      layout_loops_ring, nicolae_gozag_cash_rules_everything_around_me

Skill      XL: |  1  2  3  4 |
---------------+-------------+-----
Dodging        | 3 |  3.3
Unarmed Combat | 3 |  3.3
Fighting       | 4 |  4.0
Stealth        | |  1.5

Action                   |  1- 3 |  4- 6 || total
-------------------------+-------+-------++-------
Melee: Unarmed           |   163 |   137 ||   300
       Punch             |     3 |     5 ||     8
 Stab: Sleeping          |     2 |       ||     2
Armor: Skin              |    18 |    13 ||    31
Dodge: Dodged            |   121 |    90 ||   211

Table legend:
 A = Non-vault XP
 B = Vault XP
 C = Vault XP percentage of total XP
 D = Non-vault monster count
 E = Vault monster count
 F = Vault count percentage of total count
                 A         B        C        D         E       F
            +---------+---------+-------+---------+---------+-------
      Total |     131 |      53 |  28.8 |      52 |       9 |  14.8
            +---------+---------+-------+---------+---------+-------
        D:1 |      41 |       0 |   0.0 |      26 |       0 |   0.0
        D:2 |      23 |      53 |  69.7 |      11 |       9 |  45.0
        D:3 |      67 |       0 |   0.0 |      15 |       0 |   0.0
            +---------+---------+-------+---------+---------+-------
